 Dungeon Crawl Stone Soup version 0.19-a0-994-g3c636f0 (webtiles) character file.

125 Goblin1989 the Scratcher (level 4, -3/19 HPs)
             Began as a Felid Transmuter on July 16, 2016.
             Shot with an arrow by a centaur (15 damage)
             ... on level 5 of the Dungeon.
             The game lasted 00:20:42 (4730 turns).

Goblin1989 the Scratcher (Felid Transmuter)         Turns: 4730, Time: 00:20:43

Health: -3/19      AC:  1    Str:  6    XL:     4   Next: 82%
Magic:  8/8        EV: 19    Int: 14    God:
Gold:   163        SH:  0    Dex: 17    Spells: 3 memorised, 0 levels left
                                        Lives:  0   Deaths: 1

rFire  . . .     SeeInvis +       - Unarmed
rCold  + . .     Gourm    .     (armour unavailable)
rNeg   . . .     Faith    .     (shield unavailable)
rPois  .         Spirit   .     (helmet unavailable)
rElec  .         Dismiss  .     (cloak unavailable)
rCorr  .         Reflect  .     (gloves unavailable)
SustAt .         Harm     +     (boots unavailable)
MR     .....                    i - amulet of harm
Stlth  ++........               (no ring)
                                d - ring of protection from cold {rC+, !d}

@: appendage, quick, not resistant to hostile enchantments, unstealthy
A: no armour, no weapons or thrown items, claws 1, fangs 3, horns 2, see
invisible, carnivore 3, speed 1, shaggy fur 1, slow metabolism 1, sharp paws
a: End Transformation


You were on level 5 of the Dungeon.
You were completely stuffed.
You had grown temporary horns.
You visited 1 branch of the dungeon, and saw 5 of its levels.

You collected 163 gold pieces.

Inventory:

Missiles
 a - 105 arrows
Jewellery
 d - a ring of protection from cold (left paw) {rC+, !d}
 e - an uncursed amulet of guardian spirit {Spirit}
 i - an amulet of harm (around neck)
Scrolls
 b - a scroll of teleportation {unknown}
 m - a scroll of identify {unknown}
 n - a scroll of immolation {unknown}
 o - a scroll of amnesia {unknown}
Potions
 f - a potion of flight {unknown}
 g - a potion of mutation {unknown}
 h - a potion of haste {unknown}
 j - 2 potions of berserk rage {unknown}
 k - a potion of degeneration {unknown}
 l - a potion of magic {unknown}
 p - a potion of agility {unknown}
Comestibles
 c - 2 meat rations
 q - a slice of pizza
 r - 2 chunks of flesh


   Skills:
 + Level 1.8 Fighting
 + Level 3.4 Dodging
 * Level 4.7 Unarmed Combat
 - Level 2.0 Spellcasting
 - Level 3.6 Transmutations
 + Level 1.0 Ice Magic


You couldn't memorise any spells.
You knew the following spells:

 Your Spells              Type           Power        Failure   Level  Hunger
a - Beastly Appendage     Tmut           ##....       6%          1    ##.....
b - Sticks to Snakes      Tmut           ##......     10%         2    ###....
c - Ice Form              Ice/Tmut       #.......     89%         4    #####..


Dungeon Overview and Level Annotations

Branches:
Dungeon (5/15)             Temple (0/1) D:5

Altars:
Ashenzari
Dithmenos
Makhleb
Okawaru
Qazlal
Ru
Uskayaw
Vehumet

Annotations:
D:3 exclusion: Ijyb, Goblin1989's ghost, amateur HaFi; Ijyb


Innate Abilities, Weirdness & Mutations

You cannot wear armour.
You are incapable of wielding weapons or throwing items.
You have sharp claws.
You have razor-sharp teeth.
You have supernaturally acute eyesight. (SInv)
You are carnivorous and can eat meat at any time.
You cover ground quickly.
You are covered in fur. (AC +1)
You have a slow metabolism.
Your sharp claws are effective at attacking unaware monsters.
You have a pair of horns on your head.


Message History

You barely miss the giant gecko. Your headbutt misses the giant gecko.
The giant gecko closely misses you. The adder misses you.
A centaur comes into view.
The centaur moves out of view.
You scratch the adder. The adder barely misses you.
MP restored: 8 You scratch the adder.
The adder barely misses you.
You scratch the adder. The adder bites you.
You take 3 damage, and have 16/19 hp.
You barely miss the adder. The adder barely misses you.
The centaur shouts!
You scratch the adder. Your bite misses the adder. The adder misses you.
The centaur wields a shortbow.
The centaur shoots an arrow.
The arrow misses you. The adder closely misses you.
You closely miss the adder. The adder bites you.
You take 4 damage, and have 12/19 hp.
MASSIVE DAMAGE!!
The centaur shoots an arrow.
The arrow hits you!
Ouch! That really hurt!
You die...

#.########.......#.#
#.# ##..#..##.# #.#
##.#...# #.#
.c...#.. #.# .....#
#.### .....## #...#
##.......
#...####........
#....lS.@.....#
#.....#####.###
#...#..l##
#...###..# #...#
##....# #.###
......# #. ##.....
#. ..... ....


You could see a centaur, an adder and a giant gecko.

Vanquished Creatures
  An orc wizard (D:3)
  A worker ant (D:4)
  A gnoll (D:5)
  2 adders
  An ooze (D:2)
  3 worms
  6 giant geckos
  9 orcs
  2 giant cockroaches (D:2)
  5 goblins
  6 hobgoblins
  5 jackals
  7 kobolds
  A quokka (D:2)
  2 ball pythons
  5 bats
  5 giant newts
  A jackal zombie (D:5)
  6 rats
69 creatures vanquished.

Vanquished Creatures (collateral kills)
  A hound skeleton (D:4)
  A dart slug (D:2)
  4 orcs
  A goblin (D:3)
  A kobold (D:2)
8 creatures vanquished.

Grand Total: 77 creatures vanquished

Notes
Turn   | Place    | Note
-------+----------+-------------------------------------------
     0 | D:1      | Goblin1989 the Felid Transmuter began the quest for the Orb.
     0 | D:1      | Reached XP level 1. HP: 9/9 MP: 4/4
   527 | D:1      | Reached XP level 2. HP: 12/12 MP: 6/6
   531 | D:1      | Learned a level 2 spell: Sticks to Snakes
  1314 | D:2      | Reached XP level 3. HP: 8/15 MP: 7/7
  1728 | D:2      | Found an iron altar of Okawaru.
  1801 | D:2      | Reached skill level 4 in Unarmed Combat
  2313 | D:2      | Found a hide-covered altar of Uskayaw.
  2313 | D:2      | Noticed a hand axe
  2314 | D:2      | Noticed a dagger
  2333 | D:2      | Reached XP level 4. HP: 12/19 MP: 6/8
  2551 | D:2      | Learned a level 4 spell: Ice Form
  2691 | D:3      | Found a burning altar of Makhleb.
  2966 | D:3      | Found a shadowy altar of Dithmenos.
  2966 | D:3      | Noticed Ijyb
  3019 | D:3      | Noticed Goblin1989's ghost (amateur HaFi)
  3087 | D:4      | Found a stormy altar of Qazlal.
  3164 | D:4      | Noticed an ogre
  3179 | D:4      | Mangled by an ogre
  3180 | D:4      | Reached XP level 3. HP: -6/15 MP: 2/7
  3437 | D:3      | Reached XP level 4. HP: 19/19 MP: 6/8
  3532 | D:3      | You fall through a shaft!
  3667 | D:4      | Found a sacrificial altar of Ru.
  3951 | D:4      | Found a radiant altar of Vehumet.
  3955 | D:4      | Found a shattered altar of Ashenzari.
  4398 | D:5      | Entered Level 5 of the Dungeon
  4499 | D:5      | Reached skill level 1 in Ice Magic
  4716 | D:5      | Found a staircase to the Ecumenical Temple.
  4723 | D:5      | Noticed a centaur
  4730 | D:5      | Shot with an arrow by a centaur

Vault maps used:
D:1:      minmay_arrival_four_circles
D:2:      dancing_weapons_uskayaw, okawaru_gym_becter
D:3:      bloody_makhleb, old_standard_altar, first_bread, minmay_ruptured,
          uniq_iyjb
D:4:      grunt_qazlal_clouds, vehumet_crystals, cheibrodos_ashenzari_chains,
          lemuel_round_altar

Skill      XL: |  1  2  3  4 |
---------------+-------------+-----
Transmutations | 3 |  3.6
Unarmed Combat | 4 |  4.7
Dodging        | 3 |  3.4
Ice Magic      | 1 |  1.0
Fighting       | |  1.8
Spellcasting   | |  2.0

Action                   |  1- 3 |  4- 6 || total
-------------------------+-------+-------++-------
Melee: Unarmed           |   126 |    77 ||   203
       Bite              |    11 |     4 ||    15
       Headbutt          |     8 |    14 ||    22
       Punch             |     1 |       ||     1
 Cast: Beastly Appendage |    14 |    18 ||    32
       Sticks to Snakes  |     3 |     8 ||    11
  Use: Scroll            |     3 |       ||     3
 Stab: Sleeping          |     6 |     4 ||    10
  Eat: Chunk             |    16 |     5 ||    21
Armor: Skin              |    10 |       ||    10
Dodge: Dodged            |    92 |    45 ||   137
